 Dungeon Crawl Stone Soup version 0.28-a0-268-g3f656e82c2 (webtiles) character file.

Game seed: 13782281556190860282

101 theanonym the Sneak (level 4, 37/37 HPs)
             Began as a Mummy Delver on Aug 28, 2021.
             Was a Follower of Vehumet.
             Quit the game on level 2 of the Dungeon.
             The game lasted 00:01:59 (2419 turns).

theanonym the Sneak (Mummy Delver)                  Turns: 2419, Time: 00:02:00

Health: 37/37      AC:  6    Str: 16    XL:     4   Next: 48%
Magic:  4/4        EV:  9    Int:  9    God:    Vehumet [*.....]
Gold:   85         SH:  0    Dex: 13    Spells: 3/3 levels left

rFire   x . .      SeeInvis .   h - +0 flail
rCold   + . .      Faith    .   (no shield)
rNeg    + + +      Spirit   .   g - +0 scale mail
rPois   ∞          Reflect  .   (no helmet)
rElec   .          Harm     .   (no cloak)
rCorr   .          Rampage  .   (no gloves)
Will    .....                   (no boots)
Stlth   +.........              (no amulet)
HPRegen 0.12/turn               (no ring)
MPRegen 0.09/turn               (no ring)

@: no status effects
A: cold resistance 1, negative energy resistance 3, torment resistance 2, heat
vulnerability 1, no potions
a: Renounce Religion


Innate Abilities, Weirdness & Mutations

You are immune to poison.
Your flesh is cold resistant. (rC+)
You are immune to negative energy. (rN+++)
You are immune to unholy pain and torment.
You are vulnerable to heat. (rF-)
You do not drink.


   Skills:
 + Level 3.9 Fighting
 * Level 3.3 Maces & Flails
 - Level 1.5 Dodging
 - Level 4.1 Stealth


You had 3 spell levels left.
You didn't know any spells.
Your spell library was empty.

Skill      XL: |  1  2  3 |
---------------+----------+-----
Maces & Flails | 2 3 |  3.3
Fighting       | |  3.9
Dodging        | |  1.5
Stealth        | |  4.1

Action                   |  1- 3 |  4- 6 || total
-------------------------+-------+-------++-------
Melee: Mace              |    47 |       ||    47
       Flail             |    28 |    47 ||    75
  Use: Scroll            |       |     1 ||     1
 Stab: Sleeping          |     1 |     1 ||     2
Armor: Leather armour    |     8 |       ||     8
       Scale mail        |    22 |    16 ||    38
Dodge: Dodged            |    40 |    24 ||    64

Inventory:

Hand Weapons
 a - a +0 mace
 h - a +0 flail (weapon)
 k - a +0 morningstar of holy wrath
Armour
 b - a +0 leather armour
 g - a +0 scale mail (worn)
Jewellery
 j - a +4 ring of evasion
Wands
 c - a wand of digging (3)
 d - a wand of paralysis (8)
Scrolls
 e - a scroll of fear
 f - a scroll of fog
 r - 2 scrolls of identify
 y - a scroll of magic mapping


You were on level 2 of the Dungeon.
You worshipped Vehumet.
Vehumet was aware of your devotion.
You visited 1 branch of the dungeon, and saw 5 of its levels.

You collected 85 gold pieces.

Dungeon Overview and Level Annotations

Branches:
Dungeon (5/15)
 Temple: D:4-7

Altars:
Vehumet

..### ..... .. ..# ..
### #####.# # #.....##
# ###########.#....
######........⌠.⌠.⌠.#
.....#.######.......#
.......# #.⌠.@..# .#
.....### ##.....#...#
.......### #⌠.⌠....#
.....#...######..##.##
.....###.....##†..#.#
###### ##....#($..# #
# ###..........#
#)...#.#.....#
........#
.....#....#.....#
........#


There were no monsters in sight!

Notes
Turn   | Place    | Note
-------+----------+-------------------------------------------
     0 | D:5      | theanonym the Mummy Delver began the quest for the Orb.
     0 | D:5      | Reached XP level 1. HP: 18/18 MP: 1/1
   263 | D:4      | HP: 7/18 [kobold (3)]
   401 | D:4      | HP: 7/18 [adder (3)]
   406 | D:4      | HP: 3/18 [adder (1)]
   410 | D:4      | Reached skill level 2 in Maces & Flails
   410 | D:4      | Reached XP level 2. HP: 5/24 MP: 2/2
   994 | D:3      | Reached XP level 3. HP: 29/29 MP: 3/3
  1419 | D:2      | Reached skill level 3 in Maces & Flails
  1512 | D:2      | Reached XP level 4. HP: 29/37 MP: 4/4
  2410 | D:2      | Found a faded altar of an unknown god.
  2418 | D:2      | Became a worshipper of Vehumet
  2418 | D:2      | Reached * piety under Vehumet
  2418 | D:2      | Offered knowledge of Shock by Vehumet.
  2419 | D:2      | Quit the game

Vanquished Creatures
  7 adders
  A dart slug (D:2)
  2 orcs
  3 endoplasms (D:1)
  2 giant cockroaches (D:2)
  4 goblins
  3 hobgoblins
  3 kobolds
  2 quokkas (D:1)
  5 ball pythons
  2 frilled lizards
  A rat (D:1)
35 creatures vanquished.

Table legend: (Time is in decaauts)
 A = Elapsed time spent in this place.
 B = Non-inter-level travel time spent in this place.
 C = Inter-level travel time spent in this place.
 D = Time resting spent in this place.
 E = Time spent auto-exploring this place.
 F = Levels seen in this place.
 G = Mean time per level.
                   A        B        C        D        E       F      G
               +--------+--------+--------+--------+--------+-----+--------+
         Total |   2487 |   2332 |    155 |    757 |   1259 |   5 |  497.4 |
       Dungeon |   2487 |   2332 |    155 |    757 |   1259 |   5 |  497.4 |
               +--------+--------+--------+--------+--------+-----+--------+

Top non-repeatable levels by time:
     D:1: 799 daAuts
     D:4: 757 daAuts
     D:3: 620 daAuts
     D:2: 266 daAuts
     D:5: 44 daAuts
